 Dungeon Crawl Stone Soup version 0.23.2-33-g5129a83184 (webtiles) character file.

Game seed: 11325738402139272195

8776 Lokunos the Archer (level 11, -1/127 HPs)
             Began as a Gnoll Wanderer on July 16, 2019.
             Was a Plaything of Xom.
             Succumbed to a spiny frog's poison
             ... on level 1 of the Lair of Beasts on July 18, 2019.
             The game lasted 01:07:13 (10515 turns).

Lokunos the Archer (Gnoll Wanderer)                Turns: 10515, Time: 01:07:14

Health: -1/127     AC: 12    Str: 21    XL:     11   Next: 36%
Magic:  2/29       EV: 14    Int: 15    God:    Xom [.*....]
Gold:   687        SH:  0    Dex: 16    Spells: 22/22 levels left

rFire    . . .     SeeInvis .   a - +3 quarterstaff
rCold    . . .     Gourm    .   (shield currently unavailable)
rNeg     . . .     Faith    .   u - +2 scale mail
rPois    .         Spirit   +   s - +0 helmet
rElec    .         Reflect  .   q - scarf {Spirit}
rCorr    .         Harm     .   (no gloves)
MR       +....                  h - +0 pair of boots
Stlth    ..........             g - amulet of guardian spirit
HPRegen  0.31/turn              n - ring of protection from magic
MPRegen  0.21/turn              m - ring of magical power

@: berserking, lethally poisoned (-1 -> -32), very quick
A: distributed training, claws 1, fangs 1, wild magic 1, strong nose
a: Renounce Religion


You were on level 1 of the Lair of Beasts.
You worshipped Xom.
You were a plaything of Xom.
You were not hungry.

You visited 3 branches of the dungeon, and saw 11 of its levels.

You collected 687 gold pieces.

Inventory:

Hand Weapons
 a - a +3 quarterstaff (weapon)
 p - a +0 dagger of chaos
 v - a +1 dagger of draining
Missiles
 c - 2 exploding tomahawks
 r - 217 stones
 x - 2 javelins (quivered)
Armour
 e - a +2 cloak of poison resistance
 h - a +0 pair of boots (worn)
 j - a +0 leather armour
 q - a scarf of spirit shield (worn)
 s - a +0 helmet (worn)
 u - a +2 scale mail (worn)
 J - a +1 robe of magic resistance
Jewellery
 g - an amulet of guardian spirit (around neck)
 m - a ring of magical power (right claw)
 n - a ring of protection from magic (left claw)
 o - an uncursed ring of stealth
 I - a +2 ring of protection
Wands
 y - a wand of flame (33)
 D - a wand of random effects (45)
 E - a wand of disintegration (18)
Scrolls
 b - a scroll of teleportation
 f - 6 scrolls of identify
 k - 2 scrolls of remove curse
 l - a scroll of magic mapping
 C - a scroll of random uselessness
 K - 3 scrolls of summoning
Potions
 d - 2 potions of brilliance
 i - a potion of agility
 w - a potion of resistance
Comestibles
 G - 6 rations


   Skills:
 + Level 7.7 Fighting
 + Level 6.1 Short Blades
 + Level 6.1 Long Blades
 + Level 6.1 Axes
 + Level 6.1 Maces & Flails
 + Level 6.1 Polearms
 + Level 9.0 Staves
 + Level 6.1 Slings
 + Level 9.0 Bows
 + Level 6.1 Crossbows
 + Level 6.7 Throwing
 + Level 6.1 Armour
 + Level 6.1 Dodging
 + Level 6.1 Stealth
 + Level 6.1 Shields
 + Level 6.1 Unarmed Combat
 + Level 6.1 Spellcasting
 + Level 5.0 Conjurations
 + Level 5.0 Hexes
 + Level 5.0 Charms
 + Level 5.0 Summonings
 + Level 5.0 Necromancy
 + Level 5.0 Translocations
 + Level 5.0 Transmutations
 + Level 5.0 Fire Magic
 + Level 5.0 Ice Magic
 + Level 5.0 Air Magic
 + Level 5.0 Earth Magic
 + Level 5.0 Poison Magic
 + Level 6.7 Invocations
 + Level 6.7 Evocations


You had 22 spell levels left.
You didn't know any spells.
Your spell library was empty.

Dungeon Overview and Level Annotations

Branches:
Dungeon (9/15)             Temple (1/1) D:5            Lair (1/6) D:9
    Orc: D:9-12

Altars:
Ashenzari
Cheibriados
Dithmenos
Elyvilon
Fedhas
Gozag
Hepliaklqana
Kikubaaqudgha
Makhleb
Nemelex Xobeh
Okawaru
Qazlal
Ru
Sif Muna
Trog
Uskayaw
Vehumet
Wu Jian
Xom
Yredelemnul
Zin
The Shining One

Annotations:
D:7 2 transporters, Destapler's ghost, novice HOAK


Innate Abilities, Weirdness & Mutations

Your experience applies equally to all skills.
You have very sharp teeth.
Your uncanny sense of smell can sniff out nearby items.
You have sharp fingernails.
Your spells are a little harder to cast, but a little more powerful.


Message History

You sock the basilisk! You bite the basilisk.
The basilisk is almost dead.
* * * LOW HITPOINT WARNING * * *
You feel sick. Something bites you but does no damage.
The spiny frog stings you!
* * * LOW HITPOINT WARNING * * *
The wolf bites you.
* * * LOW HITPOINT WARNING * * *
Xom is highly amused!
The wolf completely misses you.
You thump the basilisk!
You kill the basilisk!
* * * LOW HITPOINT WARNING * * *
You feel sick. Something barely misses you.
The spiny frog stings you but does no damage.
The wolf closely misses you. The wolf barely misses you.
You closely miss the wolf.
The wolf is lightly wounded.
You die...
Xom guffaws!

# ### ##
###.######.#####.##P
....................
....................
....................
....................
...........hhF?.....
...........†@{h.....
####################


You could see a spiny frog and 3 wolves.

Vanquished Creatures
  3 two-headed ogres (D:8)
  The ghost of DorianNounverber the Geomancer, a novice GrEE (D:6)
  Maurice (D:8)
  Psyche (D:8)
  2 spiny frogs (Lair:1)
  A hippogriff (D:7)
  5 yaks (D:9)
  A spriggan (D:7)
  A basilisk (Lair:1)
  A wyvern (D:9)
  A porcupine (Lair:1)
  2 orc warriors
  A sky beast (D:8)
  5 killer bees (D:8)
  An ice beast (D:6)
  2 phantoms
  A hornet zombie (D:7)
  6 ogres
  2 centaurs (D:6)
  Blork the orc (D:5)
  3 bullfrogs
  3 scorpions
  5 wights (D:8)
  A howler monkey (D:4)
  4 crimson imps
  A quasit (D:7)
  A bullfrog zombie (D:8)
  7 hounds
  5 orc priests
  2 centaur skeletons (D:6)
  Ijyb (D:5)
  Terence (D:3)
  4 orc wizards
  5 iguanas
  7 worker ants
  A hound zombie (D:6)
  A howler monkey zombie (D:6)
  Robin (D:2)
  13 gnolls
  7 adders
  3 shadow imps
  3 oozes
  2 adder zombies (D:6)
  2 adder skeletons
  2 worms (D:2)
  2 dart slugs
  3 leopard geckos
  27 orcs
  6 giant cockroaches
  13 goblins
  8 hobgoblins
  14 jackals
  8 kobolds
  6 quokkas
  2 ball pythons (D:1)
  7 bats
  7 frilled lizards
  2 jackal zombies
  A leopard gecko skeleton (D:7)
  A quokka skeleton (D:8)
  5 rats
236 creatures vanquished.

Vanquished Creatures (collateral kills)
  An orc (D:8)
1 creature vanquished.

Vanquished Creatures (others)
  A yak (D:9)
  A killer bee (D:8)
2 creatures vanquished.

Grand Total: 239 creatures vanquished

Notes
Turn   | Place    | Note
-------+----------+-------------------------------------------
     0 | D:1      | Lokunos the Gnoll Wanderer began the quest for the Orb.
     0 | D:1      | Lokunos set off with the following items: a +2
                  | quarterstaff, 2 scrolls of teleportation, a +0 robe, a
                  | ration
     0 | D:1      | Reached XP level 1. HP: 20/20 MP: 2/2
   189 | D:1      | Reached XP level 2. HP: 26/26 MP: 3/3
   633 | D:2      | Reached XP level 3. HP: 31/31 MP: 4/4
   634 | D:2      | Noticed Robin
   658 | D:2      | Killed Robin
   658 | D:2      | Reached skill level 1 in Invocations
   707 | D:2      | Reached skill level 1 in Short Blades
   707 | D:2      | Reached skill level 1 in Long Blades
   707 | D:2      | Reached skill level 1 in Axes
   707 | D:2      | Reached skill level 1 in Maces & Flails
   707 | D:2      | Reached skill level 1 in Polearms
   707 | D:2      | Reached skill level 1 in Slings
   707 | D:2      | Reached skill level 1 in Crossbows
   707 | D:2      | Reached skill level 1 in Armour
   707 | D:2      | Reached skill level 1 in Dodging
   707 | D:2      | Reached skill level 1 in Stealth
   707 | D:2      | Reached skill level 1 in Shields
   707 | D:2      | Reached skill level 1 in Unarmed Combat
   707 | D:2      | Reached skill level 1 in Spellcasting
   707 | D:2      | Reached XP level 4. HP: 35/38 MP: 5/6
  1070 | D:2      | Reached skill level 1 in Conjurations
  1070 | D:2      | Reached skill level 1 in Hexes
  1070 | D:2      | Reached skill level 1 in Charms
  1070 | D:2      | Reached skill level 1 in Summonings
  1070 | D:2      | Reached skill level 1 in Necromancy
  1070 | D:2      | Reached skill level 1 in Translocations
  1070 | D:2      | Reached skill level 1 in Transmutations
  1070 | D:2      | Reached skill level 1 in Fire Magic
  1070 | D:2      | Reached skill level 1 in Ice Magic
  1070 | D:2      | Reached skill level 1 in Air Magic
  1070 | D:2      | Reached skill level 1 in Earth Magic
  1070 | D:2      | Reached skill level 1 in Poison Magic
  1221 | D:2      | Gained mutation: You are clumsy. (Dex -2) [potion of
                  | mutation]
  1221 | D:2      | Gained mutation: You do not regenerate when monsters are
                  | visible. [potion of mutation]
  1221 | D:2      | Lost mutation: You are clumsy. (Dex -2) [potion of
                  | mutation]
  1221 | D:2      | Gained mutation: You have large cloven feet. [potion of
                  | mutation]
  1225 | D:2      | Lost mutation: You have large cloven feet. [potion of
                  | mutation]
  1225 | D:2      | Lost mutation: You do not regenerate when monsters are
                  | visible. [potion of mutation]
  1225 | D:2      | Gained mutation: Your spells are a little harder to cast,
                  | but a little more powerful. [potion of mutation]
  1225 | D:2      | Gained mutation: You have sharp fingernails. [potion of
                  | mutation]
  1405 | D:3      | Reached XP level 5. HP: 43/43 MP: 7/7
  1812 | D:3      | Found a burning altar of Makhleb.
  1813 | D:3      | Found a bloodstained altar of Trog.
  1813 | D:3      | Found a sparkling altar of Nemelex Xobeh.
  1816 | D:3      | Found a stormy altar of Qazlal.
  2056 | D:3      | Noticed Terence
  2070 | D:3      | Killed Terence
  2255 | D:4      | Noticed an ogre
  2264 | D:4      | Killed an ogre
  2264 | D:4      | Reached XP level 6. HP: 50/50 MP: 8/8
  2357 | D:4      | Noticed a phantom
  2364 | D:4      | Reached skill level 5 in Fighting
  2410 | D:4      | Killed a phantom
  2460 | D:4      | Reached XP level 7. HP: 56/56 MP: 10/10
  2759 | D:4      | Found a glowing silver altar of Zin.
  3245 | D:5      | Entered Level 5 of the Dungeon
  3247 | D:5      | Noticed Ijyb
  3262 | D:5      | Killed Ijyb
  3322 | D:5      | Noticed Blork the orc
  3341 | D:5      | Reached XP level 8. HP: 63/63 MP: 12/12
  3351 | D:5      | Killed Blork the orc
  3474 | D:5      | Found a staircase to the Ecumenical Temple.
  3485 | Temple   | Entered the Ecumenical Temple
  3852 | Temple   | Became a worshipper of Xom of Malevolent Giggling
  3929 | D:5      | XOM: divination: detect items
  3962 | D:5      | XOM: harmless Tmut miscast
  4144 | D:6      | XOM: harmless Tloc miscast
  4289 | D:6      | Found a runed translucent gate.
  4289 | D:6      | Found a runed translucent gate.
  4289 | D:6      | Found a runed translucent gate.
  4289 | D:6      | Noticed DorianNounverber's ghost (novice GrEE)
  4319 | D:6      | XOM: divination: magic mapping
  4325 | D:6      | XOM: noise
  4340 | D:6      | Killed DorianNounverber's ghost
  4340 | D:6      | Reached XP level 9. HP: 69/69 MP: 14/14
  4808 | D:6      | XOM: divination: magic mapping
  4977 | D:6      | XOM: silly message
  5003 | D:6      | XOM: harmless Necr miscast
  5008 | D:6      | Reached skill level 5 in Throwing
  5008 | D:6      | Reached skill level 5 in Evocations
  5329 | D:7      | XOM: potion effect (might)
  5342 | D:7      | XOM: potion effect (heal wounds)
  5387 | D:7      | Found a transporter.
  5518 | D:7      | Found a transporter.
  5518 | D:7      | Noticed Destapler's ghost (novice HOAK)
  5640 | D:7      | XOM: divination: detect items
  5646 | D:7      | Reached skill level 5 in Invocations
  5670 | D:7      | Found a shimmering altar of Xom.
  5672 | D:7      | Found a shimmering altar of Xom.
  5672 | D:7      | Found a bloodstained altar of Trog.
  5674 | D:7      | Found a stormy altar of Qazlal.
  5674 | D:7      | Found a basalt altar of Yredelemnul.
  5674 | D:7      | Found a shimmering altar of Xom.
  5809 | D:7      | XOM: potion effect (haste)
  6286 | D:8      | XOM: harmless Tmut miscast
  6287 | D:8      | XOM: swap monsters
  6288 | D:8      | Noticed a two-headed ogre
  6306 | D:8      | XOM: blink monster(s)
  6313 | D:8      | XOM: 2-stop teleportation journey
  6456 | D:8      | Noticed Psyche
  6466 | D:8      | Killed Psyche
  6466 | D:8      | Reached XP level 10. HP: 74/77 MP: 17/17
  6527 | D:8      | Found an iron altar of Okawaru.
  6580 | D:8      | XOM: divination: magic mapping
  6586 | D:8      | HP: 2/77 [two-headed ogre/+0 giant club (7)]
  7058 | D:8      | Noticed Maurice
  7061 | D:8      | XOM: harmless Chrm miscast
  7117 | D:8      | Killed Maurice
  7117 | D:8      | Reached skill level 5 in Short Blades
  7117 | D:8      | Reached skill level 5 in Long Blades
  7117 | D:8      | Reached skill level 5 in Axes
  7117 | D:8      | Reached skill level 5 in Maces & Flails
  7117 | D:8      | Reached skill level 5 in Polearms
  7117 | D:8      | Reached skill level 5 in Slings
  7117 | D:8      | Reached skill level 5 in Crossbows
  7117 | D:8      | Reached skill level 5 in Armour
  7117 | D:8      | Reached skill level 5 in Dodging
  7117 | D:8      | Reached skill level 5 in Stealth
  7117 | D:8      | Reached skill level 5 in Shields
  7117 | D:8      | Reached skill level 5 in Unarmed Combat
  7117 | D:8      | Reached skill level 5 in Spellcasting
  7382 | D:8      | XOM: enchant monster (good)
  7404 | D:8      | XOM: potion effect (haste)
  7631 | D:8      | XOM: cast spell 'Call Canine Familiar'
  7687 | D:8      | Noticed a two-headed ogre
  7804 | D:8      | XOM: mild Tmut miscast
  7814 | D:8      | XOM: cast spell 'Call Canine Familiar'
  7816 | D:8      | XOM: cast spell 'Alistair's Intoxication'
  8036 | D:8      | XOM: silly message
  8141 | D:8      | Killed a two-headed ogre
  8252 | D:8      | Killed a two-headed ogre
  8270 | D:8      | XOM: god gift: 24 gold pieces
  8348 | D:8      | XOM: mild Tmut miscast
  8552 | D:8      | XOM: enchant monster (good)
  8684 | D:8      | Noticed a two-headed ogre
  8691 | D:8      | XOM: potion effect (agility)
  8700 | D:8      | XOM: potion effect (invisibility)
  8705 | D:8      | Killed a two-headed ogre
  8705 | D:8      | Reached XP level 11. HP: 83/84 MP: 19/19
  8771 | D:8      | XOM: medium Summ miscast
  8772 | D:8      | Noticed a soul eater
  9044 | D:8      | XOM: cloud trail
  9425 | D:9      | XOM: harmless Tloc miscast
  9552 | D:9      | Found a staircase to the Lair.
  9583 | D:9      | XOM: medium Tloc miscast
  9585 | D:9      | XOM: divine lightning
  9588 | D:9      | XOM: potion effect (might)
  9590 | D:9      | XOM: silly message
 10040 | Lair:1   | Entered Level 1 of the Lair of Beasts
 10049 | Lair:1   | XOM: summons friendly white imp
 10053 | Lair:1   | Reached skill level 5 in Conjurations
 10053 | Lair:1   | Reached skill level 5 in Hexes
 10053 | Lair:1   | Reached skill level 5 in Charms
 10053 | Lair:1   | Reached skill level 5 in Summonings
 10053 | Lair:1   | Reached skill level 5 in Necromancy
 10053 | Lair:1   | Reached skill level 5 in Translocations
 10053 | Lair:1   | Reached skill level 5 in Transmutations
 10053 | Lair:1   | Reached skill level 5 in Fire Magic
 10053 | Lair:1   | Reached skill level 5 in Ice Magic
 10053 | Lair:1   | Reached skill level 5 in Air Magic
 10053 | Lair:1   | Reached skill level 5 in Earth Magic
 10053 | Lair:1   | Reached skill level 5 in Poison Magic
 10283 | Lair:1   | XOM: god gift: yellow potion {god gift}
 10489 | Lair:1   | XOM: 1-stop teleportation journey
 10507 | Lair:1   | XOM: chaos cloud
 10513 | Lair:1   | HP: 6/127 [spiny frog (6)]
 10513 | Lair:1   | HP: 2/127 [wolf (4)]
 10515 | Lair:1   | Succumbed to a spiny frog's poison

Skill      XL: |  1  2  3  4  5  6  7  8  9 10 11 |
---------------+----------------------------------+-----
Invocations    | 1 2 3 4 5 6 |  6.7
Short Blades   | 1 2 3 4 5 6 |  6.1
Long Blades    | 1 2 3 4 5 6 |  6.1
Axes           | 1 2 3 4 5 6 |  6.1
Maces & Flails | 1 2 3 4 5 6 |  6.1
Polearms       | 1 2 3 4 5 6 |  6.1
Slings         | 1 2 3 4 5 6 |  6.1
Crossbows      | 1 2 3 4 5 6 |  6.1
Armour         | 1 2 3 4 5 6 |  6.1
Dodging        | 1 2 3 4 5 6 |  6.1
Stealth        | 1 2 3 4 5 6 |  6.1
Shields        | 1 2 3 4 5 6 |  6.1
Unarmed Combat | 1 2 3 4 5 6 |  6.1
Spellcasting   | 1 2 3 4 5 6 |  6.1
Conjurations   | 1 2 3 4 5 |  5.0
Hexes          | 1 2 3 4 5 |  5.0
Charms         | 1 2 3 4 5 |  5.0
Summonings     | 1 2 3 4 5 |  5.0
Necromancy     | 1 2 3 4 5 |  5.0
Translocations | 1 2 3 4 5 |  5.0
Transmutations | 1 2 3 4 5 |  5.0
Fire Magic     | 1 2 3 4 5 |  5.0
Ice Magic      | 1 2 3 4 5 |  5.0
Air Magic      | 1 2 3 4 5 |  5.0
Earth Magic    | 1 2 3 4 5 |  5.0
Poison Magic   | 1 2 3 4 5 |  5.0
Throwing       | 3 4 5 6 |  6.7
Evocations     | 3 4 5 6 |  6.7
Fighting       | 5 6 7 |  7.7
Staves         | 7 8 9 |  9.0
Bows           | 7 8 9 |  9.0

Action                   |  1- 3 |  4- 6 |  7- 9 | 10-12 || total
-------------------------+-------+-------+-------+-------++-------
Melee: Quarterstaff      |    51 |   165 |   427 |   331 ||   974
       Bite              |     4 |    21 |    55 |    48 ||   128
Evoke: Wand              |       |       |     4 |     3 ||     7
  Use: Scroll            |     4 |     7 |     2 |     9 ||    22
       Potion            |     1 |     9 |     5 |     7 ||    22
 Stab: Sleeping          |     3 |    11 |       |       ||    14
       Distracted        |       |     1 |       |       ||     1
       Petrified         |       |       |       |     4 ||     4
       Invisible         |       |       |       |     2 ||     2
  Eat: Ration            |       |     2 |     2 |     4 ||     8
       Chunk             |       |       |     5 |       ||     5
Armor: Robe              |     2 |       |       |       ||     2
       Leather armour    |    17 |    15 |       |       ||    32
       Scale mail        |       |    33 |   204 |   122 ||   359
Dodge: Dodged            |    38 |    85 |   251 |   162 ||   536
